 Dungeon Crawl Stone Soup version 0.31-a0-986-g5e6e4ef867 (webtiles) character file.

Game seed: 8620891648994563551

2 croobank the Sneak (level 1, -2/18 HPs)
             Began as a Demigod Delver on Nov 10, 2023.
             Slain by a gnoll
             ... wielding a +0 flail
             ... led by a gnoll bouda
              (5 damage)
             ... on level 3 of the Dungeon.
             The game lasted 00:01:57 (239 turns).

croobank the Sneak (Demigod Delver)                  Turns: 239, Time: 00:01:58

Health: -2/18      AC:  3    Str: 13    XL:     1   Next: 20%
Magic:  3/3        EV: 12    Int: 12    God:
Gold:   25         SH:  0    Dex: 15    Spells: 0/0 levels left

rFire   . . .        a - +0 short sword
rCold   . . .        (no shield)
rNeg    . . .        b - +0 leather armour
rPois   .            (no helmet)
rElec   .            (no cloak)
rCorr   .            (no gloves)
SInv    .            (no boots)
Will    .....        (no amulet)
Stlth   +++          (no ring)
HPRegen 0.23/turn    (no ring)
MPRegen 0.08/turn

%: no passive effects
@: no status effects
A: high MP 1, forlorn, divine attributes
a: no special abilities


You were on level 3 of the Dungeon.
You visited 1 branch of the dungeon, and saw 3 of its levels.

You collected 25 gold pieces.

Inventory:

Hand Weapons
 a - a +0 short sword (weapon)
 h - a +0 war axe
Armour
 b - a +0 leather armour (worn)
 j - a +0 pair of gloves
Jewellery
 i - a ring of flight
Wands
 g - a wand of digging (3)
Scrolls
 c - a scroll of fog
Potions
 e - 2 potions of cancellation {unknown}
 k - a potion of degeneration {unknown}


   Skills:
 + Level 2.7 Fighting
 + Level 1.8 Short Blades
 + Level 1.8 Dodging
 + Level 4.5 Stealth


You couldn't memorise any spells.
You didn't know any spells.
Your spell library was empty.

Dungeon Overview and Level Annotations

Branches:
Dungeon (5/15)
 Temple: D:4-7

Annotations:
D:4 Grinder


Innate Abilities, Weirdness & Mutations

You have an increased reservoir of magic. (+10% MP)
You shall have no god before yourself.
Your divine heritage dramatically boosts your attributes as you level up.


Message History

You open the door.
Your extra speed is starting to run out.
There is an open door here.
There's nothing to close nearby.
An adder comes into view.
You feel yourself slow down.
Found a stone staircase leading up.
There is a stone staircase leading up here.
You climb upwards.
There is a stone staircase leading down here.
A gnoll comes into view. It is wielding a +0 flail.
The gnoll shouts!
You hear a shout!
A gnoll comes into view. It is wielding a +0 club.
A kobold comes into view. It is wielding a +0 club.
The helpless kobold fails to defend itself.
You puncture the kobold!
You kill the kobold!
The gnoll attacks as it pursues you! The gnoll hits you with a +0 flail!
You hit the gnoll but do no damage. You barely miss the gnoll.
The gnoll hits you with a +0 flail.
You hit the gnoll.
The gnoll is lightly wounded.
The gnoll barely misses you.
You hit the gnoll but do no damage.
The gnoll is lightly wounded.
The gnoll barely misses you.
You hit the gnoll.
The gnoll is moderately wounded.
The gnoll barely misses you.
You hit the gnoll.
The gnoll is heavily wounded.
The gnoll barely misses you.
You hit the gnoll.
The gnoll is severely wounded.
The gnoll hits you with a +0 flail.
* * * LOW HITPOINT WARNING * * *
You closely miss the gnoll.
The gnoll is severely wounded.
The gnoll hits you with a +0 flail.
You die...

#......#.#.#
#####...#.#.#
#.......#.#.#
#.##...##.#.#
#....#.#.#
#.##.#..#...#
#......)### #
#.#####.###.#
# #.....g@..#
#.#.#####.#
#. # . ##


You could see a gnoll.

Vanquished Creatures
  A hobgoblin (D:4)
  A kobold (D:3)
2 creatures vanquished.

Notes
Turn   | Place    | Note
-------+----------+-------------------------------------------
     0 | D:5      | croobank the Demigod Delver began the quest for the Orb.
     0 | D:5      | Reached XP level 1. HP: 18/18 MP: 3/3
     8 | D:5      | Noticed a jelly
   136 | D:4      | Noticed Grinder
   138 | D:4      | Paralysed by Grinder for 2 turns
   239 | D:3      | Slain by a gnoll

Illustrated notes

Levels and vault maps discovered:
D:3:      layout_basic
D:4:      layout_basic, mainiacjoe_overflow_paths, minivault_5, uniq_grinder
D:5:      layout_basic, corner_web_ring, fountainhead

Action                     || total
---------------------------++-------
  Melee: Short sword       ||    17
    Use: Scroll            ||     2
         Potion            ||     1
   Stab: Sleeping          ||     1
 Armour: Leather armour    ||    14
  Dodge: Dodged            ||     8

Table legend: (Time is in decaauts)
 A = Elapsed time spent in this place.
 B = Non-inter-level travel time spent in this place.
 C = Inter-level travel time spent in this place.
 D = Time resting spent in this place.
 E = Time spent auto-exploring this place.
 F = Levels seen in this place.
 G = Mean time per level.
                   A        B        C        D        E       F      G
               +--------+--------+--------+--------+--------+-----+--------+
         Total |    218 |    218 |      0 |     18 |      4 |   3 |   72.7 |
       Dungeon |    218 |    218 |      0 |     18 |      4 |   3 |   72.7 |
               +--------+--------+--------+--------+--------+-----+--------+

Top non-repeatable levels by time:
     D:4: 103 daAuts
     D:5: 89 daAuts
     D:3: 26 daAuts
